 Dungeon Crawl Stone Soup version 0.31.0-12-g77e489cdc1 (webtiles) character file.

Game seed: 5097398610200937561

2 sking99 the Gusty (level 1, -2/10 HPs)
             Began as a Kobold Air Elementalist on Feb 24, 2024.
             Slain by a gnoll
             ... wielding a +0 whip
              (6 damage)
             ... on level 1 of the Dungeon.
             The game lasted 00:01:06 (131 turns).

sking99 the Gusty (Kobold Air Elementalist)          Turns: 131, Time: 00:01:07

Health: -2/10      AC:  2    Str:  5    XL:     1   Next: 33%
Magic:  0/3        EV: 15    Int: 16    God:
Gold:   12         SH:  0    Dex: 15    Spells: 3/4 levels left

rFire   . . .        (weapon restricted)
rCold   . . .        (no shield)
rNeg    . . .        a - +0 robe
rPois   .            (no helmet)
rElec   .            (no cloak)
rCorr   .            (no gloves)
SInv    .            (no boots)
Will    .....        (no amulet)
Stlth   +++          (no ring)
HPRegen 0.21/turn    (no ring)
MPRegen 0.08/turn

%: no passive effects
@: very slightly contaminated
A: small, no large weapons, nightstalker 3
a: no special abilities


You were on level 1 of the Dungeon.
You visited 1 branch of the dungeon, and saw 1 of its levels.

You collected 12 gold pieces.

Inventory:

Armour
 a - a +0 robe (worn)
Scrolls
 c - a scroll of enchant weapon {unknown}
Potions
 b - 3 potions of magic
 d - a potion of heal wounds {unknown}


   Skills:
 + Level 0.1 Fighting
 - Level 2.4 Dodging
 - Level 2.6 Stealth
 + Level 2.2 Spellcasting
 + Level 1.0 Conjurations
 * Level 3.0 Air Magic


You had 3 spell levels left.
You knew the following spells:

 Your Spells              Type           Power      Damage    Failure   Level
a - Shock                 Conj/Air       32%        1d5       9%          1

Your spell library contained the following spells:

 Spells                   Type           Power      Damage    Failure   Level
 Static Discharge         Conj/Air       16%        3-4/arc   13%         2
 Swiftness                Air            11%        N/A       17%         3
 Airstrike                Air            5%         2d(1-17)  50%         4


Dungeon Overview and Level Annotations

Branches:
Dungeon (1/15)

Altars:


Innate Abilities, Weirdness & Mutations

You are small and have problems with some larger weapons.
You are completely attuned to the shadows.


Message History

Your magical contamination has completely faded away.
You start resting.
Magic restored.
You now have 12 gold pieces.
c - a scroll labelled JIP BAMINE
d - a lumpy green potion A gnoll comes into view.
It is wielding a +0 whip.
A kobold comes into view. It is wielding a +0 dagger.
The kobold hits you with a +0 dagger.
The gnoll shouts!
Casting: Shock (safe; 9% risk of failure)
Confirm with . or Enter, or press ? or * to list all spells.
Aiming: Shock (safe; 9% risk of failure)
Press: ? - help, Shift-Dir - straight line The zap hits the kobold.
The kobold is severely wounded.
The kobold throws a stone.
The stone barely misses you.
Casting: Shock (safe; 9% risk of failure)
Confirm with . or Enter, or press ? or * to list all spells.
Aiming: Shock (safe; 9% risk of failure)
Press: ? - help, Shift-Dir - straight line You miscast Shock.
You are very lightly contaminated with residual magic.
Nothing appears to happen.
The gnoll hits you with a +0 whip.
Casting: Shock (safe; 9% risk of failure)
Confirm with . or Enter, or press ? or * to list all spells.
Aiming: Shock (safe; 9% risk of failure)
Press: ? - help, Shift-Dir - straight line You miscast Shock.
Nothing appears to happen.
The kobold hits you with a +0 dagger. The gnoll completely misses you.
Casting: Shock (safe; 9% risk of failure)
Confirm with . or Enter, or press ? or * to list all spells.
You don't have enough magic to cast this spell.
The kobold hits you but does no damage. The kobold attacks as it pursues you!
The kobold barely misses you.
The kobold throws a stone.
The stone hits you.
The kobold throws a stone.
The stone completely misses you. The gnoll attacks as it pursues you!
The gnoll hits you with a +0 whip.
Ouch! That really hurt!
You die...

#####....... # #...#.....#
#....# # #...#.....# #
#....# # #.........#.## ..
#....#
..............+...#....# #
.........###.##...#....###
.........# ...........#
.........#+#+###....##....
.......Kg@......#...##.#.#
##.....#...............#..
##+####........#....###..
#.......##..#.# #..
#.......##.....
...............
.#.#.#....#. #...#.....
.........


You could see a gnoll and a kobold.

Vanquished Creatures
  An endoplasm (D:1)
  A ball python (D:1)
2 creatures vanquished.

Notes
Turn   | Place    | Note
-------+----------+-------------------------------------------
     0 | D:1      | sking99 the Kobold Air Elementalist began the quest for the
                  | Orb.
     0 | D:1      | Reached XP level 1. HP: 10/10 MP: 3/3
   131 | D:1      | Slain by a gnoll

Illustrated notes

Levels and vault maps discovered:
D:1:      elethiomel_arrival_shortcut, layout_basic, serial_curves,
          eino_curves_04, eino_curves_04, eino_curves_02

Action                     || total
---------------------------++-------
   Cast: Shock             ||     5
 Armour: Robe              ||     8
  Dodge: Dodged            ||     8
